 Dungeon Crawl Stone Soup version 0.26-a0-639-g72c4674329 (webtiles) character file.

Game seed: 1331521922442348836

22379 Lanoc the Spry (level 12, -24/108 HPs)
             Began as a Merfolk Warper on Sept 27, 2020.
             Was the Champion of Cheibriados.
             Engulfed by a cloud of freezing vapour (42 damage)
             ... in an ice cave.
             The game lasted 00:33:41 (18671 turns).

Lanoc the Spry (Merfolk Warper)                    Turns: 18671, Time: 00:33:42

Health: -24/108    AC: 12    Str: 26    XL:     12   Next: 99%
Magic:  13/24      EV: 31    Int: 28    God:    Cheibriados [******]
Gold:   607        SH:  0    Dex: 33    Spells: 6/15 levels left

rFire    . . .     SeeInvis .   s - +9 quarterstaff "Covipsur" {drain, +Fly rElec MR++ Int-4 Dex+4}
rCold    . . .     Faith    +   (shield currently unavailable)
rNeg     . . .     Spirit   .   F - +2 steam dragon scales
rPois    .         Reflect  .   (no helmet)
rElec    +         Harm     .   (no cloak)
rCorr    .         Rampage  .   (no gloves)
MR       +++..                  (no boots)
Stlth    ++........             x - amulet of faith
HPRegen  0.28/turn              c - +4 ring of protection
MPRegen  0.19/turn              H - ring of magical power

@: very slow
A: change form in water, swift swim, stealthy swim, rugged brown scales 1, magic
resistance 1, MP-powered wands
a: Bend Time, Temporal Distortion, Slouch, Step From Time, Renounce Religion,
Evoke Flight


You were in an ice cave.
You worshipped Cheibriados.
Cheibriados was exalted by your worship.
You visited 2 branches of the dungeon, and saw 16 of its levels.
You also visited: Ossuary and Ice Cave.

You collected 607 gold pieces.

Inventory:

Hand Weapons
 a - a +1 spear
 s - the +9 quarterstaff "Covipsur" (weapon) {drain, +Fly rElec MR++ Int-4 Dex+4}
   (You found it on level 4 of the Dungeon)

   A truly terrible weapon, it drains the life of those it strikes.
   It affects your intelligence (-4).
   It affects your dexterity (+4).
   It insulates you from electricity.
   It affects your resistance to hostile enchantments.
   It lets you fly.
Missiles
 e - a boomerang of dispersal (quivered)
 r - 7 boomerangs
Armour
 g - a +1 buckler
 F - +2 steam dragon scales (worn)
Jewellery
 c - a +4 ring of protection (left hand)
 x - an amulet of faith (around neck)
 y - an uncursed ring of poison resistance
 H - a ring of magical power (right hand)
Wands
 o - a wand of acid (23)
 p - a wand of polymorph (15)
 E - a wand of iceblast (12)
Scrolls
 d - 3 scrolls of blinking
 f - 8 scrolls of teleportation
 i - 2 scrolls of enchant weapon
 k - 6 scrolls of identify
 l - 3 scrolls of amnesia
 n - 2 scrolls of enchant armour
 w - 4 scrolls of magic mapping
 B - a scroll of immolation
 G - a scroll of remove curse
Potions
 h - 4 potions of stabbing
 j - 3 potions of mutation
 m - 3 potions of flight
 q - 6 potions of curing
 t - a potion of might
 u - 4 potions of brilliance
 z - a potion of cancellation
 C - 2 potions of magic


   Skills:
 + Level 13.0 Fighting
 - Level 5.4 Polearms
 - Level 1.0 Throwing
 - Level 0.6 Armour
 + Level 15.1 Dodging
 - Level 3.0 Shields
 - Level 2.0 Spellcasting
 + Level 10.5 Translocations


You had 6 spell levels left.
You knew the following spells:

 Your Spells              Type           Power        Failure   Level
a - Blink                 Tloc           N/A          1%          2
b - Lesser Beckoning      Tloc           ######....   1%          3
c - Passage of Golubria   Tloc           N/A          1%          4

Your spell library contained the following spells:

 Spells                   Type           Power        Failure   Level
 Gell's Gravitas          Tloc           ######....   1%          3
 Teleport Other           Tloc           ######..     1%          3
 Passwall                 Tmut/Erth      #.......     14%         2
 Swiftness                Air            #.......     14%         2
 Confusing Touch          Hex            #.......     26%         3
 Petrify                  Tmut/Erth      #.......     65%         4
 Lee's Rapid Deconstruct  Erth           #.........   94%         5
 Metabolic Englaciation   Hex/Ice        #.........   94%         5
 Yara's Violent Unravell  Hex/Tmut       #.........   94%         5
 Invisibility             Hex            #.......     100%        6


Dungeon Overview and Level Annotations

Branches:
Dungeon (15/15)            Temple (1/1) D:7            Lair (0/6) D:8
    Orc (0/2) D:9         Ossuary (visited)           IceCv (1/1)
 Vaults: D:13-14     Depths: D:15

Altars:
Ashenzari
Cheibriados
Dithmenos
Elyvilon
Fedhas
Gozag
Hepliaklqana
Kikubaaqudgha
Makhleb
Nemelex Xobeh
Okawaru
Qazlal
Ru
Sif Muna
Trog
Uskayaw
Vehumet
Wu Jian
Xom
Yredelemnul
Zin
The Shining One

Shops:
D:4 =   D:5 *   D:10 *   D:11 (

Annotations:
D:12 exclusion: obsidian statue


Innate Abilities, Weirdness & Mutations

You revert to your normal form in water.
You are very nimble and swift while swimming.
You are very stealthy in the water. (Stealth+)
You are partially covered in rugged brown scales. (AC +1, +3% HP)
You are resistant to hostile enchantments. (MR+)
You expend magic power (3 MP) to strengthen your wands.


Message History

You blink.
You are engulfed in freezing vapours.
* * * LOW HITPOINT WARNING * * *
The ice devil completely misses you.
Casting: Blink (safe; 1% risk of failure)
Confirm with . or Enter, or press ? or * to list all spells.
You blink.
Casting: Blink (safe; 1% risk of failure)
Confirm with . or Enter, or press ? or * to list all spells.
You blink.
You are engulfed in freezing vapours.
* * * LOW HITPOINT WARNING * * *
You feel much better.
You are engulfed in freezing vapours.
* * * LOW HITPOINT WARNING * * *
Casting: Blink (safe; 1% risk of failure)
Confirm with . or Enter, or press ? or * to list all spells.
You blink.
Casting: Blink (safe; 1% risk of failure)
Confirm with . or Enter, or press ? or * to list all spells.
Press: ? - help, Dir - move target cursor You enter the passage of Golubria.
You are engulfed in freezing vapours.
You die...

#..4# #### #.....#
##§§## #......
##@§§.# .......##
##§§#§.## .....§.°#
#§§§###.##
...§§§○###4§####..#
#.§§§§#§☼##).#..##
#.§§§§^##)..##..#
###§§§°##....#..##
#§○°###....##..#
#§○☼# ##....#..#


You could see an ice devil.

Vanquished Creatures
  2 centaur warriors
  2 unseen horrors
  A cyclops (D:15)
  4 manticores
  An orc sorcerer (D:8)
  An orc knight (D:8)
  5 ugly things
  2 ice statues (IceCv)
  2 gargoyles (D:11)
  Maggie (D:10)
  A komodo dragon (D:8)
  3 ice devils (IceCv)
  Prince Ribbit (D:5)
  A troll (D:11)
  A hippogriff (D:11)
  A shadow (D:12)
  13 yaks
  A wraith (D:13)
  A human (D:9)
  Menkaure (Ossuary)
  19 wargs
  Duvessa (D:5)
  A water moccasin (D:10)
  3 sky beasts
  10 orc warriors
  2 ice beasts
  4 phantoms
  An eye of draining (D:8)
  9 centaurs
  A necrophage (D:10)
  12 ogres
  2 crocodiles
  7 bullfrogs
  A big kobold (D:3)
  2 elf zombies (Ossuary)
  A wyvern zombie (D:10)
  Dowan (D:5)
  8 killer bees
  5 howler monkeys
  A bullfrog zombie (D:5)
  An orc priest (D:8)
  Crazy Yiuf (D:5)
  2 centaur skeletons
  5 centaur zombies (Ossuary)
  A human zombie (Ossuary)
  3 jellies
  3 bullfrog skeletons
  11 hounds
  11 orc wizards
  3 iguanas
  8 worker ants
  A hound skeleton (D:6)
  6 mummies (Ossuary)
  A worker ant zombie (D:11)
  3 gnolls (D:6)
  A howler monkey skeleton (D:10)
  11 adders
  6 shadow imps
  19 white imps
  6 ufetubi (IceCv)
  3 adder zombies (Ossuary)
  An adder skeleton (D:4)
  A worm (D:4)
  2 dart slugs
  3 leopard geckos
  56 orcs
  3 ball pythons
  6 giant cockroaches
  4 goblins
  9 hobgoblins
  7 jackals
  10 quokkas
  5 bats
  2 frilled lizards
  A giant cockroach zombie (D:6)
  2 goblin zombies (Ossuary)
  4 hobgoblin zombies (Ossuary)
  A jackal skeleton (D:4)
  12 kobolds
  2 kobold zombies (Ossuary)
  A leopard gecko skeleton (D:9)
  4 quokka zombies (Ossuary)
  11 rats
  7 rat zombies (Ossuary)
396 creatures vanquished.

Vanquished Creatures (others)
  4 white imps (IceCv)
  8 ufetubi (IceCv)
  28 plants (D:8)
40 creatures vanquished.

Grand Total: 436 creatures vanquished

Notes
Turn   | Place    | Note
-------+----------+-------------------------------------------
     0 | D:1      | Lanoc the Merfolk Warper began the quest for the Orb.
     0 | D:1      | Reached XP level 1. HP: 16/16 MP: 3/3
   367 | D:2      | Reached XP level 2. HP: 22/22 MP: 5/5
   411 | D:2      | Reached skill level 1 in Shields
   628 | D:2      | Learned a level 2 spell: Blink
   796 | D:2      | Reached skill level 3 in Dodging
   895 | D:2      | Reached XP level 3. HP: 23/28 MP: 6/6
  1612 | D:3      | Reached XP level 4. HP: 23/34 MP: 7/7
  2535 | D:3      | Reached XP level 5. HP: 38/39 MP: 8/8
  2620 | D:3      | Noticed a big kobold
  2653 | D:3      | Killed a big kobold
  2653 | D:3      | Reached skill level 5 in Polearms
  2816 | D:4      | Reached XP level 6. HP: 24/47 MP: 9/9
  2865 | D:4      | Got a crude quarterstaff
  2884 | D:4      | Found Uptiger's Jewellery Emporium.
  2908 | D:4      | Identified the +9 quarterstaff "Covipsur" {drain, +Fly
                  | rElec MR++ Int-4 Dex+4} (You found it on level 4 of the
                  | Dungeon)
  3319 | D:3      | Reached skill level 4 in Dodging
  3877 | D:4      | Gained mutation: You expend magic power (3 MP) to
                  | strengthen your wands. [potion of mutation]
  3877 | D:4      | Gained mutation: You are resistant to hostile enchantments.
                  | (MR+) [potion of mutation]
  3877 | D:4      | Gained mutation: You are partially covered in rugged brown
                  | scales. (AC +1, +3% HP) [potion of mutation]
  4164 | D:4      | Reached XP level 7. HP: 55/55 MP: 10/10
  4172 | D:4      | Reached skill level 5 in Dodging
  4691 | D:4      | Reached skill level 5 in Fighting
  4691 | D:4      | Reached skill level 6 in Dodging
  4900 | D:4      | Reached XP level 8. HP: 63/63 MP: 11/11
  4966 | D:5      | Entered Level 5 of the Dungeon
  5171 | D:5      | Found a runed translucent door.
  5172 | D:5      | Noticed Crazy Yiuf
  5495 | D:5      | Noticed Duvessa
  5495 | D:5      | Noticed Dowan
  5705 | D:4      | Reached skill level 7 in Dodging
  5832 | D:5      | Killed Duvessa
  5832 | D:5      | Reached skill level 5 in Translocations
  5834 | D:5      | Killed Dowan
  6095 | D:5      | Found Vonaof's Elemental Accessories.
  6096 | D:5      | Noticed Prince Ribbit
  6443 | D:5      | Killed Crazy Yiuf
  6466 | D:5      | Killed Prince Ribbit
  6466 | D:5      | Reached skill level 8 in Dodging
  6466 | D:5      | Reached XP level 9. HP: 73/73 MP: 12/12
  6509 | D:6      | Found a sand-covered staircase.
  6513 | Ossuary  | Entered an ossuary
  7128 | Ossuary  | Noticed Menkaure
  7141 | Ossuary  | Killed Menkaure
  7306 | Ossuary  | Reached skill level 9 in Dodging
  7362 | D:6      | You fall into a shaft and drop 1 floor!
  7362 | D:7      | Found a staircase to the Ecumenical Temple.
  7365 | Temple   | Entered the Ecumenical Temple
  7450 | Temple   | Became a worshipper of Cheibriados the Contemplative
  7964 | D:6      | Found an iron altar of Okawaru.
  8580 | D:7      | Reached * piety under Cheibriados
  9368 | D:8      | Reached skill level 10 in Dodging
  9493 | D:8      | Found a shimmering blue altar of Sif Muna.
  9508 | D:8      | Reached XP level 10. HP: 84/84 MP: 13/13
  9689 | D:8      | Reached ** piety under Cheibriados
  9723 | D:8      | Learned a level 3 spell: Lesser Beckoning
  9728 | D:8      | Learned a level 4 spell: Passage of Golubria
  9746 | D:8      | Noticed an orc sorcerer
  9755 | D:8      | Noticed a sixfirhy
  9755 | D:8      | Killed an orc sorcerer
  9766 | D:8      | Reached skill level 11 in Dodging
  9996 | D:8      | Reached *** piety under Cheibriados
 10300 | D:8      | Found a staircase to the Lair.
 10384 | D:8      | Reached skill level 10 in Fighting
 10408 | D:8      | Reached XP level 11. HP: 49/92 MP: 14/14
 10601 | D:8      | Reached skill level 12 in Dodging
 10711 | D:8      | Noticed an orc knight
 10723 | D:8      | Killed an orc knight
 10727 | D:8      | Reached **** piety under Cheibriados
 11620 | D:9      | Reached ***** piety under Cheibriados
 11983 | D:9      | Found a staircase to the Orcish Mines.
 12343 | D:10     | Entered Level 10 of the Dungeon
 12426 | D:10     | Killed an unseen horror
 12593 | D:10     | Reached skill level 13 in Dodging
 12693 | D:10     | Noticed a manticore
 12704 | D:10     | Killed a manticore
 12764 | D:10     | Found Foburise's General Store.
 12843 | D:10     | Noticed Maggie
 12866 | D:10     | Killed Maggie
 13261 | D:11     | Noticed a red ugly thing
 13269 | D:11     | Killed a red ugly thing
 13467 | D:11     | Noticed a manticore
 13477 | D:11     | Killed a manticore
 13477 | D:11     | Reached XP level 12. HP: 93/104 MP: 13/15
 13478 | D:11     | Reached ****** piety under Cheibriados
 13938 | D:11     | Reached skill level 14 in Dodging
 14088 | D:11     | Found Gusyheto's Weapon Boutique.
 14703 | D:12     | Noticed a soul eater
 14704 | D:12     | Paralysed by a chaos spawn for 4 turns
 14707 | D:12     | HP: 1/105 [hellwing[an obsidian statue] (7)]
 15117 | D:12     | You fall into a shaft and drop 3 floors!
 15117 | D:15     | Entered Level 15 of the Dungeon
 15158 | D:15     | Reached skill level 10 in Translocations
 15436 | D:14     | Noticed a centaur warrior
 15444 | D:14     | Killed a centaur warrior
 15493 | D:13     | Noticed a centaur warrior
 15532 | D:13     | Killed a centaur warrior
 15618 | D:13     | Got a glimmering leather armour
 15622 | D:13     | Found a frozen archway.
 15639 | D:13     | Identified the cursed +1 leather armour of Silogem {Regen+
                  | Dex+2} (You found it on level 13 of the Dungeon)
 15668 | IceCv    | Entered an ice cave
 15775 | IceCv    | Reached skill level 15 in Dodging
 16896 | IceCv    | HP: 5/106 [something (14)]
 18671 | IceCv    | Engulfed by a cloud of freezing vapour

Illustrated notes

Levels and vault maps discovered:
D:1:      minmay_arrival_hallway, layout_loops_ring
D:2:      layout_rooms
D:3:      cheibrodos_thug_alley, layout_basic
D:4:      layout_loops_ring, serial_shops, shop, grunt_ministairs_14,
          minmay_quantized
D:5:      layout_loops_ring, nicolae_elemental_shop, chequers_arboretum,
          grunt_ministairs_12, serial_bayou_pond_e, kennysheep_generic_room_2,
          uniq_duvessa, uniq_prince_ribbit1, uniq_crazy_yiuf_cottage
D:6:      layout_loops_cross, old_standard_altar, enter_ossuary_5,
          minmay_quadrilaterals
D:7:      layout_basic, lemuel_temple_firewalk_a
D:8:      lemuel_castle_with_subvaults [lemuel_castle_interior_carwin_2],
          layout_loops_ring, david_lair_shrubbed, basic_altar,
          hangedman_abyss_or_decor_jellyfish_corner
D:9:      layout_irregular_city, erik_orc_4
D:10:     layout_roguey, serial_shops, shop, uniq_maggie
D:11:     layout_small_grid, serial_shops, nicolae_shop_statue_plus
D:12:     minmay_separated_statues, layout_rooms, uniq_urug, uniq_psyche
D:13:     layout_roguey, portal_ice_cave_entry_imps, basic_altar,
          glass_columns_b, minmay_guarded_unrand_vampires_tooth
D:14:     doesnt_quadruple_sword, layout_small_grid, erik_vaults_1,
          gammafunk_ghost_mausoleum, minmay_misc_feat_tiny,
          hangedman_decor_lopped, minivault_16, lemuel_oklob_altar, uniq_agnes
D:15:     gammafunk_enter_depths_forms, layout_cave_pools, serial_shops, shop,
          nicolae_shop_crystal, nicolae_shop_crystal
Temple:   grunt_wide_crystal_templ
IceCv:    ice_cave_small_demon

Skill      XL: |  1  2  3  4  5  6  7  8  9 10 11 12 |
---------------+-------------------------------------+-----
Shields        | 1 2 3 |  3.0
Dodging        | 3 4 6 8 10 11 13 15 | 15.1
Polearms       | 4 5 |  5.4
Fighting       | 3 4 5 6 8 10 11 13 | 13.0
Translocations | 3 4 5 6 8 9 10 | 10.5
Throwing       | |  1.0
Armour         | |  0.6
Spellcasting   | |  2.0

Action                   |  1- 3 |  4- 6 |  7- 9 | 10-12 || total
-------------------------+-------+-------+-------+-------++-------
Melee: Spear             |   147 |   156 |       |       ||   303
       Tailslap          |       |     2 |       |    25 ||    27
       Quarterstaff      |       |    42 |   353 |   795 ||  1190
Throw: Boomerang         |       |     3 |     1 |       ||     4
 Cast: Blink             |       |     4 |     1 |    15 ||    20
       Lesser Beckoning  |       |       |       |    16 ||    16
       Passage of Golubr |       |       |       |     4 ||     4
  Use: Potion            |       |     6 |       |     3 ||     9
       Scroll            |       |     7 |     9 |     7 ||    23
 Stab: Sleeping          |       |     1 |     7 |     5 ||    13
       Distracted        |       |       |       |     2 ||     2
Armor: Leather armour    |    22 |    30 |    46 |    44 ||   142
       Steam dragon scal |       |       |       |   106 ||   106
Dodge: Dodged            |    71 |   116 |   301 |  1252 ||  1740
Block: Buckler           |    17 |    21 |       |       ||    38

Table legend: (Time is in decaauts)
 A = Elapsed time spent in this place.
 B = Non-inter-level travel time spent in this place.
 C = Inter-level travel time spent in this place.
 D = Time resting spent in this place.
 E = Time spent auto-exploring this place.
 F = Levels seen in this place.
 G = Mean time per level.
                   A        B        C        D        E       F      G
               +--------+--------+--------+--------+--------+-----+--------+
         Total |  21389 |  20940 |    449 |   4722 |  12181 |  18 | 1188.3 |
       Dungeon |  17280 |  16840 |    440 |   2065 |  11430 |  15 | 1152.0 |
        Temple |     95 |     86 |      9 |      0 |     71 |   1 |   95.0 |
       Ossuary |    847 |    847 |      0 |      0 |    611 |   1 |  847.0 |
      Ice Cave |   3166 |   3166 |      0 |   2657 |     69 |   1 | 3166.0 |
               +--------+--------+--------+--------+--------+-----+--------+

Top non-repeatable levels by time:
   IceCv: 3166 daAuts
     D:8: 2460 daAuts
    D:11: 2366 daAuts
     D:4: 2055 daAuts
     D:3: 1538 daAuts
     D:9: 1521 daAuts
    D:10: 1329 daAuts
     D:2: 1322 daAuts
     D:6: 1221 daAuts
     D:5: 1216 daAuts
     D:7: 1134 daAuts
 Ossuary: 847 daAuts
    D:15: 355 daAuts
     D:1: 346 daAuts
    D:13: 307 daAuts
